 Dungeon Crawl Stone Soup version 0.31-a0-4-gefa6de2 (webtiles) character file.

Game seed: 16298596919730752135

599 Nithhogg the Trooper (level 7, -1/93 HPs)
             Began as a Hill Orc Fighter on May 4, 2023.
             Was an Initiate of the Shining One.
             Slain by a small abomination (9 damage)
             ... on level 5 of the Dungeon.
             The game lasted 00:06:41 (2761 turns).

Nithhogg the Trooper (Hill Orc Fighter)             Turns: 2761, Time: 00:06:41

Health: -1/93      AC: 23    Str: 21    XL:     7   Next: 41%
Magic:  10/10      EV:  2    Int:  8    God:    the Shining One [......]
Gold:   168        SH:  0    Dex: 10    Spells: 6/6 levels left

rFire   . . .        a - +0 war axe
rCold   . . .        (no shield)
rNeg    . . .        b - melded +0 scale mail
rPois   +            (helmet currently unavailable)
rElec   .            (cloak currently unavailable)
rCorr   .            (gloves currently unavailable)
SInv    .            (boots currently unavailable)
Will    .....        (no amulet)
Stlth   +            (no ring)
HPRegen 0.00/turn    (no ring)
MPRegen 0.12/turn

%: no passive effects
@: lethally poisoned (-1 -> -12), tree-form, attractive, sick, glowing
A: stationary, stasis, torment immunity, boosted hp
a: Renounce Religion


You were on level 5 of the Dungeon.
You worshipped the Shining One.
The Shining One was noncommittal.
You were a tree.
You visited 1 branch of the dungeon, and saw 5 of its levels.

You collected 168 gold pieces.

Inventory:

Hand Weapons
 a - a +0 war axe (weapon)
Armour
 b - a +0 scale mail (melded)
 c - a +0 buckler
Jewellery
 i - a +6 ring of intelligence
 j - a ring of flight
Wands
 n - a wand of charming (10)
Scrolls
 e - a scroll of noise
 g - a scroll of teleportation
 h - 2 scrolls of butterflies
 k - a scroll of poison
 o - a scroll of enchant weapon
 p - a scroll of enchant armour {unknown}
 q - a scroll of magic mapping {unknown}
Potions
 s - a potion of haste {unknown}


   Skills:
 + Level 5.9 Fighting
 + Level 5.6 Axes
 + Level 5.3 Armour
 - Level 3.2 Shields
 + Level 4.8 Invocations


You had 6 spell levels left.
You didn't know any spells.
Your spell library contained the following spells:

 Spells                   Type           Power      Damage    Failure   Level
 Frozen Ramparts          Ice            0%         1d1       78%         3
 Ice Form                 Ice/Tmut       0%         N/A       99%         4
 Summon Ice Beast         Ice/Summ       0%         N/A       99%         4


Dungeon Overview and Level Annotations

Branches:
Dungeon (6/15)
 Temple: D:4-7

Altars:
The Shining One

Portals:
Abyss: D:5

Annotations:
D:5 1 transporter, Dega's ghost, novice OpFi


Message History

You feel attractive to monsters. The ancient zyme barely misses you.
The ancient zyme hits you but does no damage.
The small abomination hits you. Dega's ghost is attracted toward you.
The crimson imp is attracted toward you.
You barely miss the small abomination.
The small abomination is severely damaged.
You slash Dega's ghost! You hit the ancient zyme.
The small abomination hits you. The ancient zyme hits you.
The ancient zyme barely misses you. Dega's ghost hits you!
The small abomination hits you!
Dega's ghost laughs crazily.
Dega's ghost hits you!
* * * LOW HITPOINT WARNING * * *
The ancient zyme closely misses you.
The ancient zyme hits you but does no damage.
Blink to where?
Press: ? - help, Dir - move target Really blink into that cloud of poison gas?
As you read the scroll of blinking, it crumbles to dust.
You are engulfed in poison gas.
You are lethally poisoned!
* * * LOW HITPOINT WARNING * * *
x2 You feel very sick.
You feel ill.
The small abomination is attracted toward you.
The ancient zyme is attracted toward you.
The crimson imp is attracted toward you.
It was a potion of curing.
You feel better.
You are engulfed in poison gas.
You are lethally poisoned!
* * * LOW HITPOINT WARNING * * *
x2 You feel very sick.
The small abomination hits you but does no damage.
It was a potion of lignification.
You turn into a tree.
Your +0 scale mail melds into your body.
Your roots penetrate the ground.
* * * LOW HITPOINT WARNING * * *
You feel very sick. The small abomination hits you!
You die...

#.# #.....................
#.# #.....................
#.# ##...........##........
#.# #....###....####©......
#.# #....#.##..##..####...#
#(# #....#..#..#K.#...##..#
#.# #...##?##..##..#...#..#
#.###...#§.##...#####.##..#
#.......#§♣.##....#. ##....
######..###x####.##.. #....
#...###x§W### #^.##...
#.....#5#°§....#xW#©†#
#....##.##○§##...##..#
#(..##.#.x.§#.#.##...#
#..##.# ####.## #[....
#..#.#. #..##..###...#
#..##K###...###..#...#


You could see an ancient zyme, a small abomination and a crimson imp.

Vanquished Creatures
  A phantom (D:5)
  A centaur (D:5)
  2 bullfrogs (D:5)
  4 hounds
  A jelly (D:5)
  An orc priest (D:5)
  An iron imp (D:5)
  An iguana (D:5)
  4 adders
  A white imp (D:5)
  2 dart slugs
  8 orcs (D:5)
  2 endoplasms (D:1)
  2 goblins
  3 hobgoblins (D:1)
  3 ball pythons
  3 bats
  A frilled lizard (D:1)
  6 kobolds
  4 rats
51 creatures vanquished.

Vanquished Creatures (others)
  An orc (D:6)
1 creature vanquished.

Grand Total: 52 creatures vanquished

Notes
Turn   | Place    | Note
-------+----------+-------------------------------------------
     0 | D:1      | Nithhogg the Hill Orc Fighter began the quest for the Orb.
     0 | D:1      | Reached XP level 1. HP: 19/19 MP: 1/1
    11 | D:1      | Noticed a wyvern
    11 | D:1      | Noticed an anaconda
    11 | D:1      | Noticed a hound
    12 | D:1      | Noticed a lindwurm
   198 | D:1      | Reached XP level 2. HP: 27/27 MP: 2/2
   217 | D:1      | Reached skill level 1 in Invocations
   891 | D:2      | Reached XP level 3. HP: 31/33 MP: 4/4
   922 | D:2      | Reached XP level 4. HP: 35/41 MP: 5/5
   949 | D:2      | Found a glowing golden altar of the Shining One.
   991 | D:2      | Became a worshipper of the Shining One
  1383 | D:3      | You fall into a shaft and drop 3 floors!
  1386 | D:6      | Noticed a steam dragon
  1400 | D:6      | Noticed a bullfrog
  1409 | D:5      | Entered Level 5 of the Dungeon
  1523 | D:5      | The Shining One protects you from harm!
  1723 | D:5      | Reached XP level 5. HP: 43/47 MP: 5/7
  1764 | D:5      | Noticed a centaur
  1772 | D:5      | Killed a centaur
  1773 | D:5      | Reached skill level 5 in Fighting
  1773 | D:5      | Reached XP level 6. HP: 41/56 MP: 8/8
  1918 | D:5      | Found a transporter.
  1979 | D:5      | Noticed a small abomination
  1979 | D:5      | Noticed Dega's ghost (novice OpFi)
  1982 | D:5      | Found a one-way gate to the infinite horrors of the Abyss.
  2009 | D:5      | Reached skill level 5 in Axes
  2085 | D:5      | Reached skill level 5 in Armour
  2085 | D:5      | Reached XP level 7. HP: 32/61 MP: 10/10
  2185 | D:5      | Found a transporter.
  2199 | D:5      | Noticed an ancient zyme
  2761 | D:5      | Slain by a small abomination

Illustrated notes

Levels and vault maps discovered:
D:1:      onia_arrival_zoo_common, layout_loops_ring, bh_walls_and_bars
D:2:      layout_basic, basic_altar
D:3:      cheibrodos_fertilizer, layout_basic,
          nicolae_kikubaaqudgha_miasma_corner,
          dreamdust_ecumenical_altar_hidden_monk_grotto
D:5:      layout_loops_ring, gammafunk_ghost_abyssal_escape
D:6:      layout_basic, uniq_blork_the_orc

Skill      XL: |  1  2  3  4  5  6 |
---------------+-------------------+-----
Axes           | 3 4 5 |  5.6
Invocations    | 1 2 3 4 |  4.8
Fighting       | 4 5 |  5.9
Armour         | 4 5 |  5.3
Shields        | |  3.2

Action                     |  1- 3 |  4- 6 |  7- 9 || total
---------------------------+-------+-------+-------++-------
  Melee: War axe           |    54 |    79 |    26 ||   159
         Punch             |       |     1 |       ||     1
    Use: Scroll            |       |     4 |     5 ||     9
         Potion            |       |     1 |     3 ||     4
 Armour: Scale mail        |    25 |    56 |    16 ||    97
  Dodge: Dodged            |    32 |    54 |    14 ||   100

Table legend: (Time is in decaauts)
 A = Elapsed time spent in this place.
 B = Non-inter-level travel time spent in this place.
 C = Inter-level travel time spent in this place.
 D = Time resting spent in this place.
 E = Time spent auto-exploring this place.
 F = Levels seen in this place.
 G = Mean time per level.
                   A        B        C        D        E       F      G
               +--------+--------+--------+--------+--------+-----+--------+
         Total |   2808 |   2738 |     70 |     96 |   2181 |   5 |  561.6 |
       Dungeon |   2808 |   2738 |     70 |     96 |   2181 |   5 |  561.6 |
               +--------+--------+--------+--------+--------+-----+--------+

Top non-repeatable levels by time:
     D:5: 1376 daAuts
     D:1: 705 daAuts
     D:2: 699 daAuts
     D:6: 25 daAuts
